 Dungeon Crawl Stone Soup version 0.18.1-5-g4a78601 (webtiles) character file.

28 Chiseanne the Magician (level 3, 24/24 HPs)
             Began as a Demonspawn Wizard on May 14, 2016.
             Quit the game on level 2 of the Dungeon.
             The game lasted 00:02:43 (1952 turns).

Chiseanne the Magician (Demonspawn Wizard)          Turns: 1952, Time: 00:02:44

Health: 24/24      AC:  2    Str:  7    XL:     3   Next: 0%
Magic:  6/8        EV: 12    Int: 20    God:
Gold:   67         SH:  0    Dex: 11    Spells: 3 memorised, 4 levels left

rFire  . . .     SeeInvis .     f - +0 dagger
rCold  + . .     Gourm    .     a - +0 robe
rNeg   . . .     Faith    .     (no shield)
rPois  .         Spirit   .     b - +0 hat
rElec  .         Dismiss  .     (no cloak)
rCorr  .         Reflect  .     (no gloves)
SustAt .         Harm     .     (no boots)
MR     .....                    (no amulet)
Stlth  ++........               (no ring)
                                (no ring)

@: repel missiles, not resistant to hostile enchantments, unstealthy
A: cold resistance 1, demonic guardian 1
a: no special abilities


You were on level 2 of the Dungeon.
You were not hungry.

You visited 1 branch of the dungeon, and saw 2 of its levels.

You collected 67 gold pieces.

Inventory:

Hand Weapons
 f - a +0 dagger (weapon)
Missiles
 j - 48 stones (quivered)
 k - 16 bolts
 l - 24 sling bullets
 o - 30 arrows
 q - 16 poisoned needles
Armour
 a - a +0 robe (worn)
 b - a +0 hat (worn)
Scrolls
 e - 3 scrolls of remove curse {unknown}
 i - a scroll of identify {unknown}
 n - a scroll of amnesia {unknown}
Potions
 h - a potion of lignification {unknown}
Books
 c - a book of Minor Magic

   Spells                             Type                      Level
   a - Magic Dart                     Conjuration                  1
   b - Blink                          Translocation                2
   c - Call Imp                       Summoning                    2
   d - Repel Missiles                 Charms/Air                   2
   e - Slow                           Hexes                        2
   f - Conjure Flame                  Conjuration/Fire             3
   g - Mephitic Cloud                 Conjuration/Poison/Air       3
Comestibles
 d - 2 bread rations
 g - 9 fruits
 m - a chunk of flesh
 p - a meat ration


   Skills:
 - Level 1.7 Dodging
 - Level 1.7 Stealth
 * Level 3.5 Spellcasting
 * Level 2.2 Conjurations
   Level 1.0 Summonings
 - Level 0.8 Translocations


You had 4 spell levels left.
You knew the following spells:

 Your Spells              Type           Power        Failure   Level  Hunger
a - Magic Dart            Conj           ##..         6%          1    None
b - Blink                 Tloc           N/A          17%         2    ##.....
c - Repel Missiles        Chrm/Air       #.....       24%         2    ##.....


Dungeon Overview and Level Annotations

Branches:
Dungeon (2/15)

Altars:


Innate Abilities, Weirdness & Mutations

Your flesh is cold resistant.
A weak demonic guardian rushes to your aid.


Message History

Aim: a giant cockroach (heavily wounded, clinging)
The magic dart hits the giant cockroach.
You kill the giant cockroach!
Your magical contamination has completely faded away.
Some of the chunks of flesh in your inventory have rotted away.
You now have 67 gold pieces (gained 13).
A ball python comes into view.
Casting: Magic Dart
Confirm with . or Enter, or press ? or * to list all spells.
Aiming: Magic Dart
Press: ? - help, Shift-Dir - straight line, f - ball python
Aim: a ball python The magic dart hits the ball python.
You kill the ball python!
You have reached level 3!
Your experience leads to an increase in your attributes!
Increase (S)trength, (I)ntelligence, or (D)exterity?
You feel clever.
Your demonic ancestry asserts itself...
You feel the presence of a demonic guardian.
Are you sure you want to abandon this character and quit the game? (Confirm with "yes".)

### .. .# .# .#
##### # †# ...[#.#
.#
....#.###########.#
................@$#
....#.....#########
.......[..#
#.######..# #.#
#..# #.### #..#
....####..#
..........#
..#####.#.##


There were no monsters in sight!

Vanquished Creatures
  A giant gecko (D:2)
  2 ball pythons (D:2)
  3 bats
  3 giant cockroaches
  A goblin (D:1)
  2 hobgoblins (D:2)
  5 jackals
  3 kobolds (D:1)
  A giant newt (D:2)
  2 rats (D:1)
23 creatures vanquished.

Notes
Turn   | Place    | Note
--------------------------------------------------------------
     0 | D:1      | Chiseanne the Demonspawn Wizard began the quest for the Orb.
     0 | D:1      | Reached XP level 1. HP: 13/13 MP: 4/4
   808 | D:1      | Gained mutation: Your flesh is cold resistant. [demonic ancestry]
   808 | D:1      | Reached XP level 2. HP: 19/19 MP: 3/6
  1253 | D:1      | Learned a level 2 spell: Blink
  1256 | D:1      | Learned a level 2 spell: Repel Missiles
  1951 | D:2      | Gained mutation: A weak demonic guardian rushes to your aid. [demonic ancestry]
  1951 | D:2      | Reached XP level 3. HP: 24/24 MP: 6/8
  1952 | D:2      | Quit the game

Skill      XL: |  1  2 |
---------------+-------+-----
Conjurations   | 2 |  2.2
Dodging        | |  1.7
Stealth        | |  1.7
Spellcasting   | |  3.5
Summonings     | |  1.0
Translocations | |  0.8

Action                   || total
-------------------------++-------
Melee: Dagger            ||    29
 Cast: Magic Dart        ||    62
       Repel Missiles    ||     1
  Eat: Chunk             ||     3
Armor: Robe              ||     9
Dodge: Dodged            ||    43
